 Dungeon Crawl Stone Soup version 0.31-a0-1089-gb20eab6 (webtiles) character file.

Game seed: 13714115962296483408

1699627 DevouringOne the Conqueror (level 25, 234/234 HPs)
             Began as a Merfolk Fighter on Nov 28, 2023.
             Was an Initiate of Gozag.
             Escaped with the Orb
             ... and 3 runes!
             The game lasted 01:20:40 (61360 turns).

DevouringOne the Conqueror (Merfolk Fighter)       Turns: 61360, Time: 01:20:40

Health: 234/234    AC: 27    Str: 25    XL:     25   Next: 35%
Magic:  11/32      EV: 19    Int: 14    God:    Gozag
Gold:   1264       SH: 20    Dex: 15    Spells: 24/24 levels left

rFire   + + +        K - +9 demon trident (heavy)
rCold   + + .        v - +2 kite shield
rNeg    + + .        R - +6 storm dragon scales of Iramp {Rampage Drain rElec rN++}
rPois   +            I - +0 mask of the Dragon {Will+ Slay+3 SInv}
rElec   +            Y - scarf {rC+ rF+}
rCorr   .            M - +3 Mad Mage's Maulers {Infuse+∞ VampMP -Cast}
SInv    +            N - +2 pair of boots {rampage}
Will    ++...        W - amulet "Cimirr" {Reflect Regen+ SH+5} Stlth
                     U - ring "Buyn" {rPois Str+4 Int+6}
HPRegen 1.39/turn    J - ring "Otzell" {rF+++ rC+ MP+9 Str-3 Int-2}
MPRegen 0.23/turn

%: no spellcasting, reflection, rampage, infuse magic (11 MP)
@: no status effects
A: (nimble swimmer 2), mertail
0: Orb of Zot
}: 3/15 runes: decaying, silver, gossamer
a: Renounce Religion, Potion Petition, Call Merchant, Bribe Branch


You escaped.
You worshipped Gozag.
Gozag was most pleased with you.
You visited 10 branches of the dungeon, and saw 48 of its levels.
You visited 1 bazaar.
You also visited: Sewer, Ossuary, Bailey, Gauntlet, Wizlab and Desolation.

You collected 25878 gold pieces.
You spent 6149 gold pieces at shops.
You paid 18465 gold pieces to Gozag.

Inventory:

Hand Weapons
 K - a +9 heavy demon trident (weapon)
Missiles
 O - a throwing net
Armour
 v - a +2 kite shield (worn)
 I - the +0 mask of the Dragon (worn) {Will+ Slay+3 SInv}
   (You bought it in a shop on level 12 of the Dungeon)

   Slay+3:    It affects your accuracy & damage with ranged weapons and melee
   (+3).
   Will+:     It increases your willpower.
   SInv:      It lets you see invisible.
 M - the +3 Mad Mage's Maulers (worn) {Infuse+∞ VampMP -Cast}
   (You bought it in a shop on level 1 of the Spider Nest)

   Infuse+∞: It empowers its wearer's blows with all of their magic.
   VampMP:    Blows struck in melee replenish the wearer's magic.
   -Cast:     It prevents spellcasting.
 N - a +2 pair of boots of rampaging (worn)
 R - the +6 storm dragon scales of Iramp (worn) {Rampage Drain rElec rN++}
   (You bought it in a shop on level 1 of the Orcish Mines)

   rElec:     It insulates you from electricity.
   rN++:      It greatly protects you from negative energy.
   Drain:     It drains your maximum health when unequipped.
   Rampage:   It bestows one free step when moving towards enemies.
 Y - a scarf of resistance (worn)
 Z - the +4 acid dragon scales of the Earth {Regen+ rCorr}
   (You bought it in a shop in a bazaar)

   Regen+:    It increases your rate of health regeneration.
   rCorr:     It protects you from acid and corrosion.
Jewellery
 J - the ring "Otzell" (right hand) {rF+++ rC+ MP+9 Str-3 Int-2}
   (You found it in the Desolation of Salt)

   [ring of magical power]

   Str-3:     It affects your strength (-3).
   Int-2:     It affects your intelligence (-2).
   rF+++:     It renders you almost immune to fire.
   rC+:       It protects you from cold.
   MP+9:      It affects your magic capacity (+9).
 T - the ring of Bafos {rF+ rCorr Int-2 Stlth+}
   (You found it in the Desolation of Salt)

   [ring of resist corrosion]

   Int-2:     It affects your intelligence (-2).
   rF+:       It protects you from fire.
   rCorr:     It protects you from acid and corrosion.
   Stlth+:    It makes you more stealthy.
 U - the ring "Buyn" (left hand) {rPois Str+4 Int+6}
   (You found it in the Desolation of Salt)

   [ring of intelligence]

   Str+4:     It affects your strength (+4).
   Int+6:     It affects your intelligence (+6).
   rPois:     It protects you from poison
 W - the amulet "Cimirr" (around neck) {Reflect Regen+ SH+5}
   (You took it off a deep elf demonologist on level 3 of the Elven Halls)

   [amulet of reflection]

   Reflect:   It reflects blocked missile attacks.
   Regen+:    It increases your rate of health regeneration.
   SH+5:      It affects your SH (+5).
Talismans
 p - a granite talisman
 y - a talisman of death
Wands
 j - a wand of flame (102)
 k - a wand of polymorph (16)
 l - a wand of paralysis (20)
 m - a wand of iceblast (18)
 n - a wand of mindburst (26)
 L - a wand of acid (17)
Scrolls
 c - 5 scrolls of amnesia
 e - 8 scrolls of teleportation
 f - 4 scrolls of fog
 i - 2 scrolls of blinking
 q - 7 scrolls of vulnerability
 F - a scroll of torment
 G - a scroll of poison
 H - 5 scrolls of noise
 S - 4 scrolls of immolation
Potions
 b - 15 potions of curing
 d - 5 potions of might
 g - 8 potions of attraction
 o - 2 potions of invisibility
 r - 5 potions of heal wounds
 s - 4 potions of magic
 t - 9 potions of mutation
 u - 5 potions of cancellation
 w - 5 potions of ambrosia
 z - 4 potions of enlightenment
 A - 6 potions of brilliance
 B - a potion of haste
 C - 5 potions of resistance
 D - 5 potions of berserk rage
 E - 6 potions of lignification
Miscellaneous
 x - a condenser vane
 P - a lightning rod (4/4)
 Q - a phantom mirror (inert)


   Skills:
 O Level 27 Fighting
 O Level 27 Polearms
 - Level 8.4 Armour
 + Level 25.6 Dodging
 - Level 15.0 Shields
 - Level 23.0 Shapeshifting


You had 24 spell levels left.
You didn't know any spells.
Your spell library contained the following spells:

 Spells                   Type           Power      Damage    Failure   Level
 Apportation              Tloc           0%         N/A       92%         1
 Kiss of Death            Conj/Necr      0%         2d5       92%         1
 Magic Dart               Conj           0%         1d3       92%         1
 Necrotise                Necr           0%         1d4       92%         1
 Shock                    Conj/Air       0%         1d3       92%         1
 Slow                     Hex            0%         N/A       92%         1
 Summon Small Mammal      Summ           0%         N/A       92%         1
 Call Imp                 Summ           0%         N/A       98%         2
 Cigotuvi's Dreadful Rot  Necr/Pois/Air  0%         N/A       98%         2
 Jinxbite                 Hex            0%         N/A       98%         2
 Lesser Beckoning         Tloc           0%         N/A       98%         2
 Momentum Strike          Conj/Tloc      0%         3d8       98%         2
 Passwall                 Tmut/Erth      0%         N/A       98%         2
 Scorch                   Fire           0%         2d5       98%         2
 Searing Ray              Conj           0%         2d4       98%         2
 Wereblood                Tmut           0%         N/A       98%         2
 Call Canine Familiar     Summ           0%         N/A       100%        3
 Confusing Touch          Hex            0%         N/A       100%        3
 Frozen Ramparts          Ice            0%         1d1       100%        3
 Gell's Gravitas          Tloc           0%         N/A       100%        3
 Mephitic Cloud           Conj/Pois/Air  0%         N/A       100%        3
 Sigil of Binding         Hex            0%         N/A       100%        3
 Stone Arrow              Conj/Erth      0%         3d7       100%        3
 Teleport Other           Tloc           0%         N/A       100%        3
 Vampiric Draining        Necr           0%         2d6       100%        3
 Animate Armour           Summ/Erth      0%         N/A       100%        4
 Dimensional Bullseye     Hex/Tloc       0%         N/A       100%        4
 Dispel Undead            Necr           0%         3d6       100%        4
 Flame Wave               Conj/Fire      0%         2d4       100%        4
 Fulminant Prism          Conj/Hex       0%         3d5       100%        4
 Leda's Liquefaction      Hex/Erth       0%         N/A       100%        4
 Manifold Assault         Tloc           0%         N/A       100%        4
 Olgreb's Toxic Radiance  Pois           0%         N/A       100%        4
 Petrify                  Tmut/Erth      0%         N/A       100%        4
 Summon Lightning Spire   Summ/Air       0%         N/A       100%        4
 Vhi's Electric Charge    Tloc/Air       0%         N/A       100%        4
 Agony                    Necr           0%         N/A       100%        5
 Alistair's Intoxication  Tmut/Pois      0%         N/A       100%        5
 Borgnjor's Vile Clutch   Necr/Erth      0%         N/A       100%        5
 Irradiate                Conj/Tmut      0%         3d11      100%        5
 Iskenderun's Battlesphe  Conj           0%         2d6       100%        5
 Lee's Rapid Deconstruct  Erth           0%         3d4*      100%        5
 Metabolic Englaciation   Hex/Ice        0%         N/A       100%        5
 Summon Forest            Summ/Tloc      0%         N/A       100%        5
 Bombard                  Conj/Erth      0%         9d1       100%        6
 Death Channel            Necr           0%         N/A       100%        6
 Dispersal                Tloc           0%         N/A       100%        6
 Eringya's Noxious Bog    Tmut/Pois      0%         4d6       100%        6
 Plasma Beam              Fire/Air       0%         2x1d10    100%        6
 Summon Cactus Giant      Summ           0%         N/A       100%        6
 Haunt                    Necr/Summ      0%         N/A       100%        7
 Orb of Destruction       Conj           0%         9d5       100%        7
 Spellforged Servitor     Conj/Summ      0%         N/A       100%        7
 Summon Hydra             Summ           0%         N/A       100%        7
 Discord                  Hex            0%         N/A       100%        8
 Disjunction              Tloc           0%         N/A       100%        8
 Ignition                 Fire           0%         3d3       100%        8
 Infestation              Necr           0%         N/A       100%        8
 Lehudib's Crystal Spear  Conj/Erth      0%         10d2      100%        8
 Animate Dead             Necr           Unusable   N/A       N/A         4

Dungeon Overview and Level Annotations

Branches:
Dungeon (15/15)            Temple (1/1) D:7            Lair (5/5) D:8
  Swamp (4/4) Lair:2       Spider (4/4) Lair:3          Orc (2/2) D:12
    Elf (3/3) Orc:2        Vaults (5/5) D:13          Crypt (0/3) Vaults:2
 Depths (4/4) D:15            Zot (5/5) Depths:4      Sewer (visited)
Ossuary (visited)          Bailey (visited)          WizLab (visited)
Desolation (visited)      Gauntlet (visited)
  Slime: Lair:4-5

Altars:
Ashenzari
Cheibriados
Dithmenos
Elyvilon
Fedhas
Gozag
Hepliaklqana
Kikubaaqudgha
Makhleb
Nemelex Xobeh
Okawaru
Qazlal
Ru
Sif Muna
Trog
Uskayaw
Vehumet
Wu Jian
Xom
Yredelemnul
Zin
The Shining One

Shops:
D:2 *   D:4 [   D:7 !(   D:9 [   D:10 *   D:12 [   Orc:1 !*[[[[   Orc:2 ![!!
Elf:3 ?   Lair:1 [   Spider:1 [[   Vaults:1 [   Vaults:2 (   Vaults:4 !
Vaults:5 !=??!?=

Portals:
Pandemonium: Depths:4

Annotations:
D:2 1 runed translucent door, Crazy Yiuf
D:3 2 transporters, Dega's ghost, amateur OpSh
D:14 2 runed translucent doors, skewfiend's ghost, adept GrEE
Swamp:2 exclusion: orange crystal statue
Depths:1 3 runed doors
Depths:4 exclusion: ice statue
Zot:5 exclusion: obsidian statue


Innate Abilities, Weirdness & Mutations

((You are very nimble when in or above water. (Stealth+, EV+, Speed+++)))
Your lower body shifts to a powerful aquatic tail in water.


Message History

You perforate the ynoxinul like a sieve!!!
You kill the ynoxinul!
No target in view!
What level of the Dungeon? (default 1, ? - help)
There is a stone staircase leading up here.
You climb upwards.
Level annotation: 2 transporters, Dega's ghost, amateur OpSh
There is a stone staircase leading down here.
There is a stone staircase leading up here.
You climb upwards.
Level annotation: 1 runed translucent door, Crazy Yiuf
There is a stone staircase leading down here.
There is a stone staircase leading up here.
You climb upwards.
There is a stone staircase leading down here.
As you read the scroll of teleportation, it crumbles to dust.
You feel strangely unstable.
You feel the Orb delaying your translocation!
You start resting.
Your surroundings suddenly seem different.
An ice devil comes into view.
No target in view!
No target in view!
An ice devil is nearby!
You reach to attack!
You perforate the ice devil like a sieve!!!
You kill the ice devil!
No target in view!
No target in view!
No target in view!
You see here a +0 club.
An ice devil comes into view.
You spit the ice devil like a pig!!!
You kill the ice devil!
No target in view!
No target in view!
No target in view!
You now have 1264 gold pieces (gained 4).
There is a staircase leading out of the dungeon here.
You have escaped!

......# #########
......# ....>.# #####
####### ###...###
##### ##.......#
###...######.........
##.......##......♣....
#..........##.........
#....@....####.......#
#.........# ###...###
##.......## ###.####
###...######...###
#########.......##
###................#
#...#...##..^.♣....#
##.###.###.........#
#(..#....##.......####


There were no monsters in sight!

Vanquished Creatures
  A pandemonium lord (D:12)
  A dread lich (Zot:5)
  An ancient lich (Vaults:5)
  Mara (Vaults:5)
  4 orbs of fire (Zot:5)
  A juggernaut (Depths:4)
  Boris (twice) (Vaults:3 Vaults:4)
  Sojobo (Vaults:2)
  Parghit (Depths:4)
  3 caustic shrikes (Depths:4)
  Margery (Vaults:3)
  Nikola (Spider:4)
  5 golden dragons
  A Brimstone Fiend (D:8)
  An electric golem (Zot:5)
  10 tentacled monstrosities
  2 Tzitzimimeh (Depths:4)
  A Hell Sentinel (D:12)
  Asterion (Vaults:2)
  Jorgrun (D:14)
  10 Orb Guardians
  3 quicksilver dragons
  A lich (Vaults:1)
  2 deep elf blademasters (Elf:3)
  9 titans
  2 deep elf master archers (Elf:3)
  Frances (Swamp:1)
  5 death cobs
  5 sphinxes
  2 thorn hunters
  An Executioner (D:5)
  Aizul (Vaults:3)
  4 draconian monks
  8 tengu reavers
  7 storm dragons
  Kirke (D:14)
  5 shadow dragons
  Roxanne (D:14)
  14 vault wardens
  A draconian knight (Zot:1)
  An emperor scorpion (shapeshifter) (Vaults:5)
  The ghost of Igumek the Carver, an adept OpBr of Cheibriados (D:15)
  2 deep elf sorcerers (Elf:3)
  2 fire giants
  4 frost giants
  2 imperial myrmidons (Desolation)
  3 emperor scorpions
  4 iron dragons
  3 orc warlords
  4 ghost moths
  3 deep elf elementalists (Elf:3)
  Louise (Swamp:4)
  A formless jellyfish (Vaults:3)
  7 stone giants
  6 draconian stormcallers
  A reaper (Depths:4)
  4 draconian shifters
  18 ironbound preservers
  2 draconian annihilators (Zot:1)
  9 ironbound thunderhulks
  5 war gargoyles
  7 very ugly things
  11 green draconians
  A vampire knight (Vaults:2)
  5 black draconians
  An eleionoma (Swamp:2)
  A lorocyproca (Depths:1)
  11 deep elf demonologists
  4 white draconians
  5 deep elf annihilators
  5 yellow draconians
  2 bunyips
  5 red draconians
  3 halazid warlocks (Desolation)
  5 dire elephants
  Azrael (D:14)
  A minotaur (Gauntlet)
  4 purple draconians
  2 blizzard demons
  8 spark wasps
  3 fire dragons
  A crystal guardian (Desolation)
  9 deep elf death magi
  6 deep elf high priests
  3 shambling mangroves
  5 ettins
  8 ragged hierophants (Desolation)
  Harold (Lair:2)
  9 great orbs of eyes
  13 yaktaur captains
  2 entropy weavers (Vaults:3)
  4 ice dragons
  6 servants of whispers (Desolation)
  8 peacekeepers
  31 hydras
  A jorogumo (Spider:4)
  35 vault guards
  4 catoblepae
  A hell beast (D:15)
  3 ogre magi
  A spriggan air mage (Swamp:2)
  6 boulder beetles
  3 rakshasas
  4 alligators
  5 ironbound frosthearts
  17 centaur warriors
  2 dancing weapons (Elf:3)
  3 radroaches
  8 death yaks
  A deep troll shaman (Depths:3)
  An occultist (Depths:2)
  A tengu warrior (Gauntlet)
  7 two-headed ogres
  4 demonic crawlers
  3 deep troll earth magi
  4 orc high priests (Orc:2)
  2 spriggan berserkers
  A shock serpent (shapeshifter) (Vaults:5)
  4 soul eaters
  7 hell knights
  4 deep elf knights
  7 spriggans
  A storm dragon zombie (Vaults:1)
  A sun demon (D:11)
  4 iron trolls (Depths:4)
  3 shadow wraiths
  3 pharaoh ants
  8 skeletal warriors
  A sun moth (Spider:1)
  A golden dragon zombie (Vaults:3)
  16 swamp dragons
  43 deep trolls
  A quicksilver dragon simulacrum (Depths:4)
  3 spriggan druids
  10 orb spiders
  A death drake (Swamp:4)
  8 goliath frogs
  2 glowing orange brains (Vaults:3)
  A tengu zombie (Vaults:1)
  4 arcanists
  10 bog bodies
  3 deep elf archers
  11 lindwurms
  14 orc knights
  7 harpies
  27 ironbound convokers
  A steelbarb worm (shapeshifter) (Vaults:5)
  10 deep elf pyromancers
  8 deep elf zephyrmancers
  8 necromancers
  3 phantasmal warriors (Vaults:5)
  6 steelbarb worms
  A shadow dragon skeleton (Vaults:3)
  A wolf spider zombie (D:15)
  11 wolf spiders
  26 ugly things
  5 orc sorcerers
  2 will-o-the-wisps
  2 cyclopes
  4 manticores
  24 elephants
  Maurice (Orc:2)
  9 moths of wrath
  A guardian serpent (Desolation)
  29 vault sentinels
  11 black mambas
  A naga mage (Vaults:1)
  4 torpor snails
  An orange demon (D:12)
  A rust devil (D:6)
  A smoke demon (D:11)
  An ice statue (Gauntlet)
  12 cane toads
  2 centaur skeletons (D:15)
  A molten gargoyle (Desolation)
  2 kobold demonologists (Bailey)
  26 yaktaurs
  6 rime drakes
  An efreet (D:15)
  15 komodo dragons
  6 kobold blastminers
  An unseen horror (D:11)
  A yaktaur zombie (Vaults:1)
  A red devil (D:11)
  2 freezing wraiths
  5 tengu conjurers
  6 ice devils
  3 meliai (Spider:1)
  10 trolls
  2 hellwings
  13 hornets
  25 tarantellas
  A bloated husk (Swamp:3)
  2 polar bears
  A glass eye (Depths:4)
  8 tyrant leeches
  21 blink frogs
  45 saltlings (Desolation)
  6 dream sheep
  26 slime creatures
  A glass eye (shapeshifter) (Elf:3)
  2 human simulacra
  5 air elementals
  12 jumping spiders
  17 culicivoras
  4 shadows
  2 water elementals (Elf:3)
  2 ynoxinuls
  8 wyverns
  66 yaks
  3 basilisks (Lair:5)
  2 hogs (shapeshifter)
  5 vampires
  63 redbacks
  3 steam dragons
  5 fire elementals
  A hog (D:14)
  5 vampire mosquitoes (Swamp:2)
  A redback simulacrum (D:15)
  An ogre zombie (Vaults:3)
  15 swamp worms
  A swamp worm (shapeshifter) (Vaults:3)
  3 acid dragons (Lair:5)
  A warg (Vaults:5)
  17 water moccasins
  A glowing shapeshifter skeleton (Vaults:3)
  4 hell hounds (D:14)
  8 swamp drakes
  5 ettin simulacra (Depths:4)
  28 orc warriors
  An ice beast (D:5)
  2 black bears (D:6)
  A black bear (shapeshifter) (Depths:4)
  An ogre (shapeshifter) (Vaults:5)
  A tengu (shapeshifter) (Elf:1)
  10 centaurs
  12 wolves
  11 ogres
  2 phantoms
  14 bullfrogs
  2 gnoll sergeants
  An earth elemental (Elf:3)
  3 scorpions
  3 water moccasin zombies (Ossuary)
  7 wights (D:9)
  5 killer bees (D:10)
  8 electric eels
  4 hounds
  10 orc priests
  25 orc wizards
  2 iguanas
  Natasha (twice) (D:3)
  A boggart simulacrum (D:14)
  2 mummies (Ossuary)
  24 gnolls
  5 river rats (Sewer)
  7 adders
  2 white imps
  4 ufetubi
  4 adder zombies (Ossuary)
  A worm (D:3)
  2 dart slugs
  74 orcs
  8 endoplasms
  7 giant cockroaches
  3 gnoll zombies (Ossuary)
  21 goblins
  10 hobgoblins
  6 jackals
  A quokka (D:2)
  9 ball pythons
  5 bats
  4 frilled lizards
  8 hobgoblin zombies (Ossuary)
  23 kobolds
  6 kobold zombies (Ossuary)
  4 orc zombies (Ossuary)
  A quokka zombie (D:6)
  29 rats
  A rat zombie (D:6)
  9 spectral weapons (Vaults:2)
1840 creatures vanquished.

Vanquished Creatures (collateral kills)
  An orb of fire (Zot:5)
  An ancient lich (Zot:5)
  2 caustic shrikes (Depths:4)
  7 Orb Guardians (Zot:5)
  A quicksilver dragon (Zot:5)
  A draconian scorcher (Zot:5)
  A deep elf elementalist (Elf:3)
  A spriggan druid (Swamp:4)
  2 moths of wrath (Zot:5)
  A swamp drake (Swamp:4)
18 creatures vanquished.

Vanquished Creatures (others)
  2 orbs of fire (Zot:5)
  An ancient lich (Zot:5)
  10 Orb Guardians (Zot:5)
  A draconian monk (Zot:5)
  A ghost moth (Zot:2)
  A draconian knight (Zot:1)
  2 draconian annihilators (Zot:5)
  A green draconian (Zot:5)
  A black draconian (Zot:5)
  A red draconian (Zot:5)
  2 purple draconians (Zot:5)
  A shadow wraith (Depths:4)
  A quicksilver dragon simulacrum (Depths:4)
  A bog body (Swamp:4)
  3 bloated husks
  A tyrant leech (Swamp:4)
  A blink frog (shapeshifter) (D:14)
  A glass eye (Depths:4)
  A spriggan (Swamp:2)
  A culicivora (Spider:4)
  3 humans (D:14)
  A redback (Spider:2)
  An orc (D:12)
  2 foxfires (Swamp:3)
41 creatures vanquished.

Grand Total: 1899 creatures vanquished

Notes
Turn   | Place    | Note
-------+----------+-------------------------------------------
     0 | D:1      | DevouringOne the Merfolk Fighter began the quest for the
                  | Orb.
     0 | D:1      | Reached XP level 1. HP: 18/18 MP: 1/1
   215 | D:1      | Reached XP level 2. HP: 24/24 MP: 2/2
   698 | D:2      | Reached XP level 3. HP: 30/30 MP: 3/3
   856 | D:2      | Found Riklat's Assorted Antiques.
  1006 | D:2      | Identified the +2 cloak of an ossuary {rN+++ Will-}
  1206 | D:2      | Found a runed translucent door.
  1207 | D:2      | Noticed Crazy Yiuf
  1305 | D:3      | Reached XP level 4. HP: 35/37 MP: 4/4
  1410 | D:3      | Noticed Dega's ghost (amateur OpSh)
  1425 | D:3      | Found a transporter.
  1440 | D:3      | Found a transporter.
  1554 | D:3      | Noticed Natasha
  1565 | D:3      | Killed Natasha
  1566 | D:3      | Reached skill level 5 in Polearms
  1875 | D:3      | Noticed Natasha
  1882 | D:3      | Killed Natasha
  1883 | D:3      | Reached XP level 5. HP: 36/43 MP: 5/5
  2342 | D:4      | Found a glowing drain.
  2360 | Sewer    | Entered a sewer
  2462 | Sewer    | Reached XP level 6. HP: 50/50 MP: 6/6
  2611 | Sewer    | Reached skill level 5 in Fighting
  2924 | D:4      | Got the Writings on Plutonic Configuration
  3362 | D:4      | Found Ryaxel's Armour Shop.
  3464 | D:5      | Entered Level 5 of the Dungeon
  3556 | D:5      | Noticed an ice beast
  3564 | D:5      | Killed an ice beast
  3565 | D:5      | Reached XP level 7. HP: 57/57 MP: 7/7
  3936 | D:5      | Got An Introduction to Willworking
  4043 | D:5      | Reached XP level 8. HP: 49/65 MP: 8/8
  4442 | D:6      | Reached skill level 10 in Polearms
  4623 | D:6      | Found a sand-covered staircase.
  4636 | Ossuary  | Entered an ossuary
  4974 | D:6      | Found a sparkling altar of Nemelex Xobeh.
  5200 | D:6      | Found a broken altar of Ashenzari.
  5283 | D:6      | Reached XP level 9. HP: 62/74 MP: 9/9
  5375 | D:7      | Found a white marble altar of Elyvilon.
  5424 | D:7      | Found a staircase to the Ecumenical Temple.
  5435 | Temple   | Entered the Ecumenical Temple
  5458 | Temple   | Became a worshipper of Gozag Ym Sagoz the Greedy
  5595 | D:7      | Found Pulawkyoqu's Distillery.
  5603 | D:7      | Bought a potion of lignification for 45 gold pieces
  5638 | D:7      | Found a flagged portal.
  5654 | Bailey   | Entered a bailey
  6009 | Bailey   | Noticed a kobold demonologist
  6038 | Bailey   | Noticed a smoke demon
  6056 | Bailey   | Killed a kobold demonologist
  6459 | Bailey   | Acquired 453 gold pieces
  6635 | Bailey   | Found an iron altar of Okawaru.
  6635 | Bailey   | Noticed a kobold demonologist
  6679 | Bailey   | Noticed a hellwing
  6679 | Bailey   | Killed a kobold demonologist
  6680 | Bailey   | Reached XP level 10. HP: 70/83 MP: 10/10
  6902 | D:7      | Reached skill level 15 in Polearms
  7106 | D:7      | Reached skill level 10 in Fighting
  7476 | D:8      | Reached skill level 1 in Shapeshifting
  7943 | D:8      | Found a staircase to the Lair.
  7956 | D:8      | Found a shimmering altar of Xom.
  8008 | D:8      | Found an ornate altar of the Wu Jian Council.
  8009 | D:8      | Found a broken altar of Ashenzari.
  8159 | D:9      | Noticed a two-headed ogre
  8183 | D:9      | Killed a two-headed ogre
  8423 | D:9      | Reached skill level 10 in Dodging
  8585 | D:9      | Reached XP level 11. HP: 48/90 MP: 11/11
  8974 | D:9      | Found a radiant altar of Vehumet.
  9205 | D:9      | Bought a smoking cloak for 342 gold pieces
  9205 | D:9      | Identified the +0 cloak of Gozag's Envy {rPois} (You bought
                  | it in a shop on level 9 of the Dungeon)
  9398 | D:9      | Noticed a two-headed ogre
  9408 | D:9      | Killed a two-headed ogre
  9409 | D:9      | Reached skill level 15 in Dodging
  9604 | D:10     | Entered Level 10 of the Dungeon
  9697 | D:10     | Found Seimya's General Store.
  9703 | D:10     | Bought a scroll of identify for 32 gold pieces
  9703 | D:10     | Bought a scroll of teleportation for 48 gold pieces
 10721 | D:11     | Reached XP level 12. HP: 54/99 MP: 12/12
 10983 | D:11     | Noticed a soul eater
 10984 | D:11     | Noticed a sun demon
 11018 | D:11     | Killed a soul eater
 11020 | D:11     | Killed a sun demon
 11390 | D:11     | Noticed a soul eater
 11418 | D:11     | Killed a soul eater
 11899 | D:12     | Found a gate leading to a gauntlet.
 11910 | Gauntlet | Entered a Gauntlet
 11910 | Gauntlet | Noticed a dire elephant
 11910 | Gauntlet | Found a transporter.
 11910 | Gauntlet | Found a transporter.
 11910 | Gauntlet | Found a transporter.
 11911 | Gauntlet | Found a transporter.
 11914 | Gauntlet | Found a transporter.
 11924 | Gauntlet | Found a transporter.
 11934 | Gauntlet | Found a transporter.
 11942 | Gauntlet | Found a transporter.
 11948 | Gauntlet | Found a transporter.
 11967 | Gauntlet | Found a transporter.
 11972 | Gauntlet | Found a transporter.
 11973 | Gauntlet | Noticed a tengu warrior
 11994 | Gauntlet | Found a transporter.
 12067 | Gauntlet | Killed a tengu warrior
 12389 | Gauntlet | Noticed a minotaur
 12399 | Gauntlet | Killed a minotaur
 12407 | Gauntlet | Identified the +7 spear "Uschuap" {venom, Int-2 Dex+3 SInv}
 12763 | D:12     | Identified the +4 scale mail "Ethuwik" {+Blink +Inv Fly}
 13054 | D:12     | Found a staircase to the Orcish Mines.
 13059 | Orc:1    | Entered Level 1 of the Orcish Mines
 13059 | Orc:1    | Noticed a two-headed ogre
 13073 | Orc:1    | Killed a two-headed ogre
 13074 | Orc:1    | Reached skill level 15 in Fighting
 13074 | Orc:1    | Reached XP level 13. HP: 115/115 MP: 13/13
 13204 | Orc:1    | Found Cuguirchi's Armour Boutique.
 13255 | Orc:1    | Found Mued Hin's Antique Armour Shop.
 13261 | Orc:1    | Bought an ichor-stained helmet for 361 gold pieces
 13261 | Orc:1    | Identified the +2 helmet of Doaheoni {rN++ Int+5 Dex-5}
                  | (You bought it in a shop on level 1 of the Orcish Mines)
 13374 | Orc:2    | Entered Level 2 of the Orcish Mines
 13377 | Orc:2    | Noticed Maurice
 13396 | Orc:2    | Killed Maurice
 13710 | Orc:1    | Found Ucuxt's Assorted Antiques.
 13710 | Orc:1    | Found Qihuthah's Distillery.
 13789 | D:12     | Bought the +0 mask of the Dragon {Will+ Slay+3 SInv} for
                  | 801 gold pieces
 13789 | D:12     | Found the +0 mask of the Dragon {Will+ Slay+3 SInv}
 13975 | Orc:1    | Found Meski's Antique Armour Boutique.
 14078 | Orc:2    | Found a staircase to the Elven Halls.
 14807 | Orc:2    | Found Qaelogg's Distillery.
 14807 | Orc:2    | Found Moodeani's Distillery.
 14808 | Orc:2    | Found Toelienk's Armour Boutique.
 14808 | Orc:2    | Found Ugyep's Distillery.
 14826 | Orc:2    | Bought a potion of heal wounds for 85 gold pieces
 14826 | Orc:2    | Bought a potion of haste for 170 gold pieces
 14863 | Orc:2    | Bought a potion of lignification for 45 gold pieces
 14863 | Orc:2    | Bought a potion of might for 60 gold pieces
 15035 | Lair:1   | Entered Level 1 of the Lair of Beasts
 15574 | Lair:1   | Found a frozen archway.
 15722 | Lair:1   | Acquired 1067 gold pieces
 15949 | Lair:2   | Noticed Harold
 15968 | Lair:2   | Killed Harold
 16003 | Lair:2   | Reached XP level 14. HP: 117/128 MP: 12/14
 16644 | Lair:2   | Found a staircase to the Swamp.
 17111 | Lair:3   | Acquired a +4 demon trident of draining
 17461 | Lair:3   | Found a hole to the Spider Nest.
 18682 | Lair:5   | Entered Level 5 of the Lair of Beasts
 18740 | Lair:5   | Reached XP level 15. HP: 128/136 MP: 13/15
 18809 | Lair:5   | Reached skill level 5 in Shields
 19055 | Lair:5   | Found an ornate altar of the Wu Jian Council.
 19055 | Lair:5   | Found a hide-covered altar of Uskayaw.
 20628 | Lair:5   | Reached skill level 10 in Shields
 20963 | Orc:1    | Bought the +6 storm dragon scales of Iramp {Rampage Drain
                  | rElec rN++} for 1608 gold pieces
 21313 | D:13     | Found a stormy altar of Qazlal.
 21450 | D:13     | Found a gate to the Vaults.
 21794 | D:14     | Found a large runed translucent door.
 21794 | D:14     | Found a large runed translucent door.
 21795 | D:14     | Noticed skewfiend's ghost (adept GrEE)
 21820 | D:14     | Noticed Kirke
 21823 | D:14     | Noticed Azrael
 21833 | D:14     | Reached XP level 16. HP: 133/143 MP: 14/16
 21850 | D:14     | Killed Azrael
 21855 | D:14     | Killed Kirke
 22320 | D:14     | Noticed Jorgrun
 22329 | D:14     | Killed Jorgrun
 22558 | D:14     | Noticed Roxanne
 22581 | D:14     | Killed Roxanne
 22952 | D:15     | Entered Level 15 of the Dungeon
 22953 | D:15     | Found a runed translucent gate.
 22954 | D:15     | Found a runed translucent gate.
 22954 | D:15     | Found a runed translucent gate.
 22957 | D:15     | Found an opulent altar of Gozag.
 22958 | D:15     | Noticed a sphinx
 22958 | D:15     | Noticed Igumek's ghost (adept OpBr)
 23002 | D:15     | Killed a sphinx
 23016 | D:15     | Killed Igumek's ghost
 23025 | D:15     | Reached skill level 5 in Shapeshifting
 23725 | D:15     | Found a staircase to the Depths.
 24547 | Swamp:1  | Entered Level 1 of the Swamp
 24552 | Swamp:1  | Reached skill level 10 in Shapeshifting
 25212 | Swamp:1  | Noticed Frances
 25223 | Swamp:1  | Killed Frances
 25288 | Swamp:1  | Reached XP level 17. HP: 150/150 MP: 17/17
 25571 | Swamp:2  | Noticed a tentacled monstrosity
 25677 | Swamp:2  | Found a transporter.
 25690 | Swamp:2  | Noticed a tentacled monstrosity
 25712 | Swamp:2  | Noticed a tentacled monstrosity
 25715 | Swamp:2  | Found a transporter.
 25749 | Swamp:2  | Identified the +3 great sword of the Festooned God {freeze,
                  | rF+++ rCorr Str-2 Int-3}
 25750 | Swamp:2  | Identified the +0 pair of boots of Weovovigoa {Fly}
 26768 | Swamp:3  | Found a sacrificial altar of Ru.
 27186 | Swamp:3  | Reached skill level 15 in Shapeshifting
 27257 | Swamp:4  | Entered Level 4 of the Swamp
 27488 | Swamp:3  | HP: 6/150 [six-headed hydra (2)]
 27820 | Swamp:4  | Noticed Louise
 27841 | Swamp:4  | Killed Louise
 28441 | Swamp:4  | Got a decaying rune of Zot
 28499 | Swamp:4  | Reached XP level 18. HP: 157/157 MP: 16/18
 28792 | Spider:1 | Entered Level 1 of the Spider Nest
 29049 | Spider:1 | Bought the +3 Mad Mage's Maulers {Infuse+∞ VampMP -Cast}
                  | for 480 gold pieces
 29049 | Spider:1 | Found the +3 Mad Mage's Maulers {Infuse+∞ VampMP -Cast}
 33818 | Spider:4 | Entered Level 4 of the Spider Nest
 33923 | Spider:4 | Noticed Nikola
 33951 | Spider:4 | Killed Nikola
 35930 | Spider:4 | Reached XP level 19. HP: 157/172 MP: 5/19
 35973 | Spider:4 | Got a gossamer rune of Zot
 36301 | Elf:1    | Entered Level 1 of the Elven Halls
 36379 | Elf:1    | Found a crumbling gateway.
 36386 | Desolati | Entered the Desolation of Salt
 37029 | Desolati | Identified the +1 leather armour of Vahocab {rN+}
 37041 | Desolati | Found the +5 robe of Night {Dark Will+ SInv}
 37056 | Desolati | Identified the ring of Bafos {rF+ rCorr Int-2 Stlth+}
 37772 | Desolati | Got the Book of the Hippogriff
 37773 | Desolati | Identified the +7 war axe of Wounding {spect, *Noise rF-
                  | Str+6 Int+4}
 37774 | Desolati | Identified the ring "Otzell" {rF+++ rC+ MP+9 Str-3 Int-2}
 37779 | Desolati | Identified the ring "Suibair" {Ice Dex+3}
 37854 | Desolati | Identified the ring "Buyn" {rPois Str+4 Int+6}
 37859 | Desolati | Got Woetecan's Secrets of the Translocated Caves
 38450 | Elf:1    | Paralysed by an air elemental for 1 turns
 38626 | Elf:2    | Paralysed by an air elemental for 1 turns
 38767 | Elf:3    | Entered Level 3 of the Elven Halls
 38956 | Elf:3    | Found Finatz's Magic Scroll Shoppe.
 38964 | Elf:3    | Bought a scroll of revelation for 127 gold pieces
 38964 | Elf:3    | Bought a scroll of fog for 68 gold pieces
 38964 | Elf:3    | Bought a scroll of poison for 68 gold pieces
 38964 | Elf:3    | Bought a scroll of fog for 68 gold pieces
 38988 | Elf:3    | Found a magical portal.
 38997 | WizLab   | Entered Wucad Mu's Monastery
 39066 | Elf:3    | Paralysed by an air elemental for 1 turns
 40233 | Elf:3    | Noticed a Hell Sentinel
 40680 | Elf:3    | Identified the amulet "Cimirr" {Reflect Regen+ SH+5}
 40687 | Elf:3    | Reached XP level 20. HP: 188/188 MP: 1/20
 40707 | Elf:3    | Identified the ring "Weqiric" {rN+ Will+ Str+6}
 40919 | Elf:3    | Identified the +8 plate armour "Afyrue" {Will- rCorr Str+4
                  | Dex+3}
 40924 | Elf:3    | Identified the +3 scale mail "Poaskawe" {rElec rPois}
 41065 | Elf:3    | Got the Writings on Silt and Fog
 41079 | Elf:3    | Identified the staff of Tartarus {rElec rPois rCorr Poison}
 41442 | Vaults:1 | Entered Level 1 of the Vaults
 42209 | Vaults:1 | Identified the +1 pair of gloves "Asoj" {rCorr}
 42501 | Vaults:1 | Found the +2 hood of the Assassin {Detect Stab+ Stlth++}
 42517 | Vaults:1 | Found a radiant altar of Vehumet.
 42545 | Vaults:1 | Identified the -1 hat of the World {rPois}
 43362 | Vaults:1 | Found Wosean's Armour Boutique.
 43370 | Vaults:1 | Bought a scarf of resistance for 608 gold pieces
 43775 | Vaults:1 | Upgraded the game from 0.31-a0-1088-gb0f5842 to
                  | 0.31-a0-1089-gb20eab6
 44456 | Vaults:2 | Noticed Sojobo
 44465 | Vaults:2 | Paralysed by an air elemental for 1 turns
 44470 | Vaults:2 | Paralysed by an air elemental for 1 turns
 44474 | Vaults:2 | Paralysed by an air elemental for 1 turns
 44482 | Vaults:2 | Killed Sojobo
 45299 | Vaults:2 | Noticed Asterion
 45329 | Vaults:2 | Killed Asterion
 45638 | Vaults:2 | Found a staircase to the Crypt.
 46468 | Vaults:2 | Found Vioxibb's Weapon Shoppe.
 47290 | Vaults:3 | Reached XP level 21. HP: 196/196 MP: 2/21
 47291 | Vaults:3 | Found a flickering gateway to a bazaar.
 47295 | Vaults:3 | Noticed Boris
 47307 | Vaults:3 | Killed Boris
 47314 | Bazaar   | Entered a bazaar
 47454 | Bazaar   | Found Myimu's Antique Armour Shoppe.
 47454 | Bazaar   | Found Sytiopsu's Weapon Emporium.
 47476 | Bazaar   | Found Gaoraef's Book Shoppe.
 47492 | Bazaar   | Found Toneupn's Jewellery Shoppe.
 47544 | Bazaar   | Bought heavily runed acid dragon scales for 675 gold pieces
 47544 | Bazaar   | Identified the +4 acid dragon scales of the Earth {Regen+
                  | rCorr} (You bought it in a shop in a bazaar)
 47544 | Bazaar   | Bought a transparent chain mail for 142 gold pieces
 47544 | Bazaar   | Identified the +6 chain mail of Pykkogag {Int+4} (You
                  | bought it in a shop in a bazaar)
 48093 | Vaults:3 | Identified the serpent talisman "Nush" {rPois}
 48093 | Vaults:3 | Noticed Aizul
 48124 | Vaults:3 | Killed Aizul
 48865 | Vaults:3 | Reached skill level 5 in Armour
 49374 | Vaults:3 | Noticed Margery
 49386 | Vaults:3 | Killed Margery
 50292 | Vaults:3 | You fall into a shaft and drop 1 floor!
 50445 | Vaults:4 | Found Vuklaxy's Distillery.
 51401 | Vaults:4 | Noticed Boris
 51406 | Vaults:4 | Reached XP level 22. HP: 199/204 MP: 2/22
 51418 | Vaults:4 | Killed Boris
 52098 | Vaults:4 | Reached skill level 15 in Shields
 52665 | Vaults:5 | Entered Level 5 of the Vaults
 52689 | Vaults:5 | Noticed a golden dragon
 52689 | Vaults:5 | Noticed Mara
 52696 | Vaults:5 | Killed a golden dragon
 52718 | Vaults:5 | Killed Mara
 52844 | Vaults:5 | Noticed an ancient lich
 52847 | Vaults:5 | Killed an ancient lich
 53204 | Vaults:5 | Found Menisisk's Magic Scroll Boutique.
 53204 | Vaults:5 | Found Evarufa's Magic Scroll Emporium.
 53209 | Vaults:5 | Found Vytras's Distillery.
 53600 | Vaults:5 | Reached XP level 23. HP: 181/213 MP: 3/23
 54096 | Vaults:5 | Found Daecuwod's Jewellery Shop.
 54793 | Vaults:5 | Bought a scroll of blinking for 112 gold pieces
 54801 | Vaults:5 | Found Omiukhlyk's Magic Scroll Shoppe.
 54806 | Vaults:5 | Bought a scroll of summoning for 114 gold pieces
 54806 | Vaults:5 | Bought a scroll of enchant armour for 90 gold pieces
 54899 | Vaults:5 | Found Qowyaph's Distillery.
 55023 | Vaults:5 | Got a silver rune of Zot
 55358 | Vaults:5 | Found Orchumawk's Jewellery Shoppe.
 55885 | Depths:1 | Entered Level 1 of the Depths
 56028 | Depths:1 | Found a huge runed gate.
 56028 | Depths:1 | Found a huge runed gate.
 56028 | Depths:1 | Found a huge runed gate.
 56333 | Depths:4 | Entered Level 4 of the Depths
 56738 | Depths:4 | Noticed a golden dragon
 56738 | Depths:4 | Noticed a caustic shrike
 56738 | Depths:4 | Noticed a caustic shrike
 56738 | Depths:4 | Noticed a caustic shrike
 56738 | Depths:4 | Noticed a caustic shrike
 56738 | Depths:4 | Noticed a caustic shrike
 56749 | Depths:4 | Killed a caustic shrike
 56749 | Depths:4 | Killed a caustic shrike
 56751 | Depths:4 | Killed a caustic shrike
 56769 | Depths:4 | Killed a caustic shrike
 56928 | Depths:4 | Killed a golden dragon
 56931 | Depths:4 | Killed a caustic shrike
 57046 | Depths:4 | Found a broken altar of Ashenzari.
 57205 | Depths:4 | Reached skill level 27 in Fighting
 57326 | Depths:4 | Noticed a juggernaut
 57336 | Depths:4 | Killed a juggernaut
 57467 | Depths:4 | Found a radiant altar of Vehumet.
 57903 | Depths:4 | Noticed Parghit
 57905 | Depths:4 | Killed Parghit
 57922 | Depths:4 | Noticed a golden dragon
 57927 | Depths:4 | Killed a golden dragon
 57928 | Depths:4 | Reached XP level 24. HP: 130/227 MP: 6/23
 57931 | Depths:4 | Reached skill level 27 in Polearms
 58234 | Depths:4 | Found a blossoming altar of Fedhas.
 58234 | Depths:4 | Found a one-way gate leading to the halls of Pandemonium.
 58605 | Depths:4 | Found a gate to the Realm of Zot.
 58616 | Zot:1    | Entered Level 1 of the Realm of Zot
 59632 | Zot:5    | Entered Level 5 of the Realm of Zot
 60076 | Zot:5    | Noticed an orb of fire
 60279 | Zot:5    | Noticed an orb of fire
 60279 | Zot:5    | Noticed an orb of fire
 60279 | Zot:5    | Noticed an orb of fire
 60279 | Zot:5    | Noticed a Killer Klown
 60279 | Zot:5    | Noticed an orb of fire
 60288 | Zot:5    | Killed an orb of fire
 60298 | Zot:5    | Noticed an ancient lich
 60304 | Zot:5    | Killed an ancient lich
 60354 | Zot:5    | Killed an orb of fire
 60355 | Zot:5    | Noticed an ancient lich
 60359 | Zot:5    | Killed an ancient lich
 60364 | Zot:5    | Killed an orb of fire
 60364 | Zot:5    | Noticed an orb of fire
 60365 | Zot:5    | Noticed an orb of fire
 60370 | Zot:5    | Noticed an orb of fire
 60372 | Zot:5    | Noticed an orb of fire
 60373 | Zot:5    | Noticed a dread lich
 60376 | Zot:5    | Killed an orb of fire
 60384 | Zot:5    | Noticed an orb of fire
 60386 | Zot:5    | Killed an orb of fire
 60386 | Zot:5    | Noticed an orb of fire
 60387 | Zot:5    | Reached XP level 25. HP: 122/234 MP: 5/23
 60398 | Zot:5    | Killed an orb of fire
 60402 | Zot:5    | Killed a dread lich
 60440 | Zot:5    | Identified the +1 plate armour "Funu" {Stlth+}
 60586 | Zot:5    | Got the Orb of Zot
 60970 | D:12     | Noticed Kaplog the pandemonium lord
 60994 | D:12     | Killed Kaplog the pandemonium lord
 61121 | D:5      | Noticed Zulustar the pandemonium lord
 61360 | D:$      | Escaped with the Orb!

Illustrated notes

Levels and vault maps discovered:
D:1:      dpeg_arrival_three_same_balls, layout_basic, minmay_rat_gold_closets
D:2:      layout_basic, serial_shops, shop_statue, uniq_crazy_yiuf_cottage
D:3:      layout_loops_ring, gammafunk_ghost_stat_death, uniq_natasha
D:4:      layout_basic, portal_sewer_entry_d, serial_shops, nicolae_square_shop,
          chequers_jeans, chequers_avenue
D:5:      layout_basic
D:6:      layout_basic, enter_ossuary_4, hangedman_feature_mirror
D:7:      layout_cave_pools, kennysheep_mini, minmay_temple_entry_mist,
          enter_bailey_3, serial_shops, shop, nrook_pool_corridor,
          kennysheep_generic_room_7
D:8:      layout_layer_cave, gammafunk_temple_overflow_pools,
          mainiacjoe_overflow_surrounded_room, lair_entry_dummy
D:9:      layout_loops_ring, nicolae_vehumet_altar_sigil, minmay_misc_feat_tower
D:10:     layout_small_grid, serial_shops, nicolae_shop_tiny_statue_garden
D:11:     layout_roguey, serial_demonic, serial_demonic_b, serial_demonic_g,
          serial_demonic_a, serial_demonic_f, serial_demonic_e, serial_demonic_c
D:12:     layout_cave_pools, hiddenorc1_lemuel, gauntlet_entry_generic
D:13:     layout_cave_pools, erik_vaults_2, nicolae_qazlal_scattered_showers
D:14:     layout_irregular_city, serial_bayou_pond_a,
          ebering_ghost_disaster_area, serial_bayou_lagoon_a,
          kennysheep_inner_square, uniq_kirke, uniq_roxanne, uniq_azrael,
          uniq_jorgrun
D:15:     grunt_enter_depths_magical_seal, layout_loops_corners,
          hangedman_abyss_or_decor_clamps, ebering_ghost_gozag
Temple:   bh_familiar_temple
Lair:1:   layout_chaotic_city, portal_ice_cave_entry_ice_simulacra
Lair:2:   layout_regular_city, palyth_hydra_swamp_entry, minmay_holes,
          uniq_harold
Lair:3:   layout_regular_city, dummy_spider_entry, minivault_11
Lair:4:   layout_regular_city, minmay_slime_entry_oklob_enclosed,
          serial_bayou_shore_b, grunt_megastairs_2, lemuel_fruit_fields
Lair:5:   guppyfry_lair_end_dragon, layout_hall_layers,
          hangedman_lair_in_review, nzn_masters_of_martial_movement
Swamp:1:  layout_basic_swamp, evilmike_swamp_ruin_house_4, swamp_pool_4,
          nicolae_swamp_baby_hydras, uniq_frances
Swamp:2:  gammafunk_sealed_arena, layout_basic_swamp, hangedman_swamp_ruin_wall
Swamp:3:  layout_basic_swamp, evilmike_swamp_ruin_rubble_1,
          nicolae_swamp_godswood, swamp_pool_1_2
Swamp:4:  swamp_basic_johnstein, layout_basic_swamp, uniq_louise
Spider:1: layout_spider_delve, hangedman_spider_tarantella_strand
Spider:2: layout_spider_delve
Spider:3: layout_spider_delve
Spider:4: spider_rune_water, nicolae_spider_baby_got_redback, uniq_nikola
Orc:1:    layout_diamond_mine, serial_shops,
          nicolae_shop_temple_entry_statues_fountains, shop, shop,
          nicolae_shop_real_fake_doors, shop
Orc:2:    st_orc_elflike, layout_caves, uniq_maurice
Elf:1:    elf_arrival_001, layout_onion_city,
          portal_desolation_entry_nicolae_menacing_earthworks, minivault_28,
          nicolae_rare_books
Elf:2:    nicolae_elf_blades_crystal_corner, layout_geoelf_diagonals,
          serial_shops, shop, small_statue_intersection
Elf:3:    elf_hall, layout_gridlike, mu_enter_wizlab_5, serial_shops,
          nicolae_shop_tiny_statue_garden
Vaults:1: nicolae_vaults_trapezoid_2, ontoclasm_vaults_ring_large,
          nicolae_vaults_two_Ls, grunt_tower_of_power, nicolae_vaults_diamond_2,
          nicolae_vaults_diamond_2, v_misc_23, vaults_dpeg_hooks,
          vaults_room_fours, nicolae_vaults_mini_display_case,
          grunt_vaults_funnel, grunt_vaults_diagonal, nicolae_vaults_house_1,
          v_pattern_2, vaults_standard_mumra_lines, layout_vaults_maze_bifur,
          serial_shops, nicolae_shop_tiny_real_fake_doors
Vaults:2: minmay_crypt_entry_vampire_xt, v_pattern_5,
          nicolae_vaults_trapezoid_4, nicolae_vaults_storage_closets_3,
          hangedman_vaults_stitches, nicolae_vaults_tetromino_Z_1,
          nicolae_vaults_alarming, vaults_room_fours, nicolae_vaults_six-pack,
          layout_vaults_omnigrid, serial_shops, shop, uniq_sojobo, uniq_asterion
Vaults:3: nicolae_vaults_more_shelving_2, v_misc_18, dpeg_vaults_monster_box,
          nicolae_vaults_arrows, v_misc_8, st_octagons_1,
          nicolae_vaults_what_the_h, nicolae_vaults_variable_pillar_hall,
          vaults_dpeg_encased_lava, layout_vaults_omnicross, serial_shops,
          bzr_entry_gold, uniq_boris, uniq_aizul, uniq_margery
Vaults:4: hangedman_vaults_restitches, nicolae_vaults_halls_meeting,
          hangedman_vaults_slither, nicolae_vaults_stairing_the_circle,
          nicolae_vaults_bisected_slash, hangedman_vaults_unwind,
          hangedman_vaults_hat, nicolae_vaults_heart-shaped_vault,
          nicolae_vaults_double_plus_3, vaults_dpeg_ring,
          serial_library_hellmonk_semicircle, vaults_dpeg_diagonal,
          layout_vaults_ring, serial_shops, shop
Vaults:5: serial_shops, uniq_mara
Depths:1: layout_gridville, special_room [special_room_mythical_zoo],
          gammafunk_ghost_door_vault, hangedman_geh_valley, hex_tiny,
          nicolae_letterblocks [nicolae_letter_subblock,
          nicolae_letter_subblock, nicolae_letter_subblock,
          nicolae_letter_subblock, nicolae_letter_subblock,
          nicolae_letter_subblock, nicolae_letter_subblock,
          nicolae_letter_subblock, nicolae_letter_subblock,
          nicolae_letter_subblock, nicolae_letter_subblock,
          nicolae_letter_subblock, nicolae_letter_subblock,
          nicolae_letter_subblock, nicolae_letter_subblock,
          nicolae_letter_subblock, nicolae_letter_subblock,
          nicolae_letter_subblock, nicolae_letter_subblock,
          nicolae_letter_subblock, nicolae_letter_subblock,
          nicolae_letter_subblock, nicolae_letter_subblock,
          nicolae_letter_subblock, nicolae_letter_subblock]
Depths:2: grunt_arcs, layout_long_grid, enter_ziggurat_b,
          nicolae_trove_entry_free_sample, hell_entry, rand_demon_pan_entry_7,
          nicolae_wu_jian_wuxing_cycle
Depths:3: nicolae_legendary_halls, layout_cross, abyss_entry_glasseish,
          cheibriados_altar_2, rand_demon_pan_entry_3, hell_entry, st_stairs_2,
          nemelex_lonely_heart_becter
Depths:4: grunt_profane_halls [grunt_profane_temple_geh,
          grunt_profane_temple_tar, grunt_profane_temple_dis,
          grunt_profane_temple_coc, grunt_zot_portal], hell_entry, pan_entry,
          uniq_parghit
Zot:1:    layout_misc_corridors
Zot:2:    regret_index_malice_mire, layout_basic,
          hangedman_zot_decor_unnerving_road
Zot:3:    layout_onion_interference, gammafunk_ghost_mausoleum, st_stairs_7
Zot:4:    grunt_twist_and_shout, layout_concentric_octagons,
          regret_index_zotdec_alabaster_prism
Zot:5:    layout_misc_corridors, skrybe_zot_glass_1

Skill      XL: |  1  2  3  4  5  6  7  8  9 10 11 12 13 14 15 16 17 18 19 20 21 22 23 24 25 |
---------------+----------------------------------------------------------------------------+-----
Polearms       | 3 4 5 6 8 9 12 14 15 20 23 25 26 27 | 27.0
Fighting       | 4 5 6 7 9 10 15 17 18 21 24 25 27 | 27.0
Shapeshifting  | 2 11 17 18 22 23 | 23.0
Dodging        | 11 18 23 25 | 25.6
Shields        | 4 11 13 15 | 15.0
Armour         | 8 |  8.4

Action                     |  1- 3 |  4- 6 |  7- 9 | 10-12 | 13-15 | 16-18 | 19-21 | 22-24 | 25-27 || total
---------------------------+-------+-------+-------+-------+-------+-------+-------+-------+-------++-------
  Melee: Trident           |   132 |   260 |   491 |   749 |       |       |       |       |       ||  1632
         Unarmed           |       |     1 |       |       |       |       |       |       |       ||     1
         Tailslap          |       |     3 |    12 |     4 |     3 |    47 |       |       |       ||    69
         Spear             |       |       |       |   140 |   620 |       |       |       |       ||   760
         Demon trident     |       |       |       |       |   645 |  1341 |  1257 |   954 |   126 ||  4323
 Invoke: Call Merchant     |       |       |       |     3 |     2 |     2 |       |       |       ||     7
         Potion Petition   |       |       |       |       |       |       |     2 |    14 |     2 ||    18
         Bribe Branch      |       |       |       |       |       |       |       |     1 |       ||     1
Ability: Siphon Essence    |       |       |       |       |       |       |       |     1 |       ||     1
  Evoke: Wand              |       |     7 |     4 |     3 |     2 |     5 |       |       |       ||    21
         Phantom mirror    |       |       |       |       |       |     3 |     1 |     2 |       ||     6
    Use: Scroll            |       |     7 |     7 |    14 |    14 |    14 |    12 |    19 |     6 ||    93
         Potion            |       |       |     2 |     5 |     1 |     6 |     7 |       |     5 ||    26
   Stab: Distracted        |       |       |       |     4 |    13 |    12 |    10 |     7 |     1 ||    47
         Sleeping          |       |       |       |     2 |     6 |     1 |       |       |       ||     9
         Invisible         |       |       |       |     3 |       |       |     2 |     6 |       ||    11
         Petrified         |       |       |       |       |     2 |       |       |       |       ||     2
 Armour: Scale mail        |     7 |       |       |       |       |       |       |       |       ||     7
         Chain mail        |    60 |   128 |   261 |     3 |       |       |       |       |       ||   452
         Skin              |       |    15 |       |     4 |       |    98 |       |       |       ||   117
         Leather armour    |       |       |       |   170 |   176 |       |       |       |       ||   346
         Storm dragon scal |       |       |       |       |    48 |   378 |   516 |   684 |    59 ||  1685
  Dodge: Dodged            |    27 |    58 |    86 |   479 |   615 |   889 |   295 |   332 |    32 ||  2813
         Repelled          |       |       |       |       |       |       |     6 |       |       ||     6
  Block: Buckler           |    31 |    51 |       |       |       |       |       |       |       ||    82
         Kite shield       |       |       |   204 |   317 |   389 |   803 |   645 |   781 |    72 ||  3211
         Reflection        |       |       |       |       |       |       |    46 |    39 |     3 ||    88
   Form: Statue            |       |       |       |       |       |     1 |       |       |       ||     1
                           |       |       |       |       |       |     1 |       |       |     1 ||     2
         Death             |       |       |       |       |       |       |     1 |       |       ||     1

Table legend: (Time is in decaauts)
 A = Elapsed time spent in this place.
 B = Non-inter-level travel time spent in this place.
 C = Inter-level travel time spent in this place.
 D = Time resting spent in this place.
 E = Time spent auto-exploring this place.
 F = Levels seen in this place.
 G = Mean time per level.
                   A        B        C        D        E       F      G
               +--------+--------+--------+--------+--------+-----+--------+
         Total |  59865 |  55916 |   3949 |   3161 |  42443 |  55 | 1088.5 |
       Dungeon |  14536 |  12787 |   1749 |    276 |   9850 |  15 |  969.1 |
        Temple |     45 |      2 |     43 |      0 |      0 |   1 |   45.0 |
          Lair |   5828 |   5356 |    472 |      0 |   4246 |   5 | 1165.6 |
         Swamp |   4135 |   4002 |    133 |    379 |   2844 |   4 | 1033.8 |
   Spider Nest |   7237 |   7023 |    214 |    766 |   5453 |   4 | 1809.2 |
  Orcish Mines |   1837 |   1611 |    226 |    184 |   1071 |   2 |  918.5 |
   Elven Halls |   3019 |   2743 |    276 |    591 |   1764 |   3 | 1006.3 |
        Vaults |  13845 |  13396 |    449 |    275 |  11381 |   5 | 2769.0 |
        Depths |   3143 |   3016 |    127 |    258 |   2214 |   4 |  785.8 |
           Zot |   1763 |   1508 |    255 |    128 |    920 |   5 |  352.6 |
        Bazaar |    296 |    296 |      0 |      0 |    189 |   1 |  296.0 |
         Sewer |    441 |    441 |      0 |      0 |    241 |   1 |  441.0 |
       Ossuary |    268 |    268 |      0 |      0 |    128 |   1 |  268.0 |
        Bailey |   1132 |   1132 |      0 |    178 |    598 |   1 | 1132.0 |
        Wizlab |     33 |     33 |      0 |      0 |     16 |   1 |   33.0 |
    Desolation |   1813 |   1813 |      0 |      0 |   1451 |   1 | 1813.0 |
      Gauntlet |    486 |    486 |      0 |    124 |     75 |   1 |  486.0 |
               +--------+--------+--------+--------+--------+-----+--------+

Top non-repeatable levels by time:
Vaults:2: 3348 daAuts
Vaults:5: 2991 daAuts
Vaults:3: 2779 daAuts
Depths:4: 2620 daAuts
   Elf:3: 2408 daAuts
Vaults:4: 2381 daAuts
Vaults:1: 2345 daAuts
Spider:4: 2129 daAuts
  Lair:5: 2016 daAuts
Spider:2: 1866 daAuts
Desolation: 1813 daAuts
Spider:1: 1699 daAuts
Spider:3: 1542 daAuts
    D:15: 1480 daAuts
     D:9: 1462 daAuts
